 Dungeon Crawl Stone Soup version 0.20-a0-903-g7e3609c (webtiles) character file.

191 Banto the Poker (level 5, 0/38 HPs)
             Began as a Demonspawn Gladiator on Mar 21, 2017.
             Succumbed to an adder's poison
             ... on level 3 of the Dungeon.
             The game lasted 00:01:59 (2182 turns).

Banto the Poker (Demonspawn Gladiator)              Turns: 2182, Time: 00:01:59

Health: 0/38       AC:  6    Str: 12 (14) XL:     5   Next: 41%
Magic:  2/5        EV: 12    Int:  9      God:
Gold:   130        SH:  0    Dex: 14 (16) Spells: 4/4 levels left

rFire    . . .     SeeInvis .   a - +0 trident
rCold    + . .     Gourm    .   b - +0 leather armour
rNeg     . . .     Faith    .   (no shield)
rPois    .         Spirit   +   c - +0 helmet
rElec    .         Reflect  .   (no cloak)
rCorr    .         Harm     .   (no gloves)
MR       .....                  (no boots)
Stlth    +.........             (no amulet)
Regen    0.2/turn               (no ring)
MPRegen  0.2/turn               p - ring of protection from cold

@: lethally poisoned (0 -> -2), very slightly contaminated
A: talons 1, slimy green scales 1, magic shield, magic regeneration
a: no special abilities


You were on level 3 of the Dungeon.
You were not hungry.

You visited 1 branch of the dungeon, and saw 3 of its levels.

You collected 130 gold pieces.

Inventory:

Hand Weapons
 a - a +0 trident (weapon)
Missiles
 d - 3 throwing nets (quivered)
Armour
 b - a +0 leather armour (worn)
 c - a +0 helmet (worn)
Jewellery
 p - a ring of protection from cold (left hand)
Scrolls
 e - a scroll of remove curse {unknown}
 i - a scroll of amnesia
 j - a scroll of blinking {unknown}
 k - a scroll of fog {unknown}
 m - 3 scrolls of identify
 n - 3 scrolls of teleportation {unknown}
 o - a scroll of random uselessness {unknown}
Comestibles
 f - 4 bread rations
 g - 2 fruits


   Skills:
 - Level 2.0 Fighting
 + Level 5.6 Polearms
 - Level 1.7 Throwing
 - Level 2.6 Dodging


You had 4 spell levels left.
You didn't know any spells.

Dungeon Overview and Level Annotations

Branches:
Dungeon (3/15)

Altars:
Nemelex Xobeh


Innate Abilities, Weirdness & Mutations

You have sharp toenails.
You are partially covered in slimy green scales. (AC +2)
When hurt, damage is shared between your health and your magic reserves.
You regenerate magic rapidly.


Message History

You feel sick.
You take 1 damage, and have 2/38 hp.
You flicker for a moment.
* * * LOW HITPOINT WARNING * * *
You feel sick.
You take 1 damage, and have 2/38 hp.
You see here 6 gold pieces.
* * * LOW HITPOINT WARNING * * *
You feel sick.
You see here 6 gold pieces.
You take 1 damage, and have 1/38 hp.
You now have 130 gold pieces (gained 6).
Okay, then.
Put on which piece of jewellery? (? for menu, Esc to quit)
p - a ring of protection from cold (left hand)
As you read the scroll labeled NYSOVUITOH, it crumbles to dust.
It is a scroll of identify.
i - a scroll of amnesia You flicker back into view.
You die...

#..# #.# ##.#.# ##+#
##.###.## ##...## #.##
#.# ##.....##
##.###.####.......##
######.#.####.........##
.............+.........')
#######...####.........##
#..@....##.......##
#.#.###.###.....## #.#.#
# ##...## #)#.# ##'##
#.#.# #.# #.#.# #.# #.#.#
##.## #.#.# ##...#####
#.........


There were no monsters in sight!

Vanquished Creatures
  The ghost of cirnu the Skirmisher, an amateur DsCK of Xom (D:3)
  5 adders
  3 dart slugs
  2 leopard geckos (D:1)
  6 bats
  A giant cockroach (D:1)
  8 goblins
  4 hobgoblins
  8 jackals
  A ball python (D:2)
  5 frilled lizards
  7 kobolds
  4 rats
55 creatures vanquished.

Notes
Turn   | Place    | Note
-------+----------+-------------------------------------------
     0 | D:1      | Banto the Demonspawn Gladiator began the quest for the Orb.
     0 | D:1      | Reached XP level 1. HP: 16/16 MP: 1/1
   111 | D:1      | Reached skill level 3 in Polearms
   304 | D:1      | Gained mutation: You have sharp toenails. [demonic ancestry]
   304 | D:1      | Reached XP level 2. HP: 22/22 MP: 2/2
   868 | D:2      | Gained mutation: When hurt, damage is shared between your health and your magic reserves. [demonic ancestry]
   868 | D:2      | Reached XP level 3. HP: 18/27 MP: 3/3
  1090 | D:2      | Found a sparkling altar of Nemelex Xobeh.
  1120 | D:2      | Reached skill level 4 in Polearms
  1363 | D:2      | Gained mutation: You are partially covered in slimy green scales. (AC +2) [demonic ancestry]
  1363 | D:2      | Reached XP level 4. HP: 23/33 MP: 2/4
  2142 | D:3      | Noticed cirnu's ghost (amateur DsCK)
  2167 | D:3      | Killed cirnu's ghost
  2167 | D:3      | Reached skill level 5 in Polearms
  2167 | D:3      | Gained mutation: You regenerate magic rapidly. [demonic ancestry]
  2167 | D:3      | Reached XP level 5. HP: 7/38 MP: 0/5
  2178 | D:3      | HP: 1/38 [poisoned by an adder]
  2182 | D:3      | Succumbed to an adder's poison

Vault maps used:
D:1:      dpeg_arrival_orchard
D:2:      first_bread, nemelex_lonely_heart_becter
D:3:      dancing_weapons_uskayaw, trog_wizard

Skill      XL: |  1  2  3  4 |
---------------+-------------+-----
Polearms       | 3 4 5 |  5.6
Fighting       | |  2.0
Throwing       | |  1.7
Dodging        | |  2.6

Action                   |  1- 3 |  4- 6 || total
-------------------------+-------+-------++-------
Melee: Trident           |   124 |    70 ||   194
       Kick              |    18 |    26 ||    44
  Use: Potion            |       |     2 ||     2
       Scroll            |       |     1 ||     1
 Stab: Sleeping          |     1 |     2 ||     3
       Invisible         |       |     1 ||     1
  Eat: Chunk             |     2 |     2 ||     4
Armor: Leather armour    |    37 |    17 ||    54
Dodge: Dodged            |    70 |    34 ||   104

Table legend:
 A = Turns spent in this place as a percentage of turns spent in the entire game.
 B = Non-inter-level travel turns spent in this place as a percentage of non-inter-level travel turns spent in the entire game.
 C = Inter-level travel turns spent in this place as a percentage of turns spent in this place.
 D = Turns resting spent in this place as a percentage of non-inter-level travel turns spent in this place.
 E = Turns spent auto-exploring this place as a percentage of non-inter-level travel turns spent in this place.
 F = Non-inter-level travel turns spent in this place divided by the number of levels of this place that you've seen.
                   A       B       C       D       E      F
               +-------+-------+-------+-------+-------+----------------------
         Total | 100.0 | 100.0 |   0.3 |   1.7 |  16.0 | 192.0
       Dungeon | 100.0 | 100.0 |   0.3 |   1.7 |  16.0 | 192.0
               +-------+-------+-------+-------+-------+----------------------

Table legend:
 A = Kills in this place as a percentage of kills in entire the game.
 B = Kills by you in this place as a percentage of kills by you in the entire game.
 C = Kills by friends in this place as a percentage of kills by friends in the entire game.
 D = Other kills in this place as a percentage of other kills in the entire game.
 E = Experience gained in this place as a percentage of experience gained in the entire game.
 F = Experience gained in this place divided by the number of levels of this place that you have seen.
                   A       B       C       D       E      F
               +-------+-------+-------+-------+-------+----------------------
         Total | 100.0 | 100.0 |  -nan |  -nan | 100.0 |  91.0
       Dungeon | 100.0 | 100.0 |  -nan |  -nan | 100.0 |  91.0
               +-------+-------+-------+-------+-------+----------------------
